 Dungeon Crawl Stone Soup version 0.30.0-11-gf55b779eaf (webtiles) character file.

Game seed: 6978130058349642057

298 monsoonserge the Sneak (level 6, -3/42 HPs)
             Began as a Formicid Enchanter on May 16, 2023.
             Slain by an ogre
             ... wielding a +0 giant club
              (29 damage)
             ... on level 4 of the Dungeon.
             The game lasted 00:14:25 (4049 turns).

monsoonserge the Sneak (Formicid Enchanter)         Turns: 4049, Time: 00:14:26

Health: -3/42      AC:  8    Str: 18    XL:     6   Next: 62%
Magic:  4/10       EV: 12    Int: 20    God:
Gold:   227        SH:  4    Dex: 14    Spells: 2/10 levels left

rFire   . . .        a - +1 dagger
rCold   . . .        k - +0 buckler
rNeg    . . .        v - +1 robe of Valour {rElec rPois Int+3 Archmagi}
rPois   +            (helmet unavailable)
rElec   +            (no cloak)
rCorr   .            B - +0 pair of gloves
SInv    +            (no boots)
Will    .....        (no amulet)
Stlth   +++          h - +6 ring of strength
HPRegen 0.27/turn    b - +4 ring of protection
MPRegen 0.12/turn

%: archmagi
@: very slightly contaminated
A: permanent stasis, dig shafts and tunnels, antennae 3, four strong arms
a: Dig, Shaft Self


You were on level 4 of the Dungeon.
You visited 1 branch of the dungeon, and saw 4 of its levels.

You collected 227 gold pieces.

Inventory:

Hand Weapons
 a - a +1 dagger (weapon)
Missiles
 l - 3 boomerangs
 s - 11 poisoned darts (quivered)
 t - 4 silver boomerangs
Armour
 g - a +0 kite shield
 k - a +0 buckler (worn)
 v - the +1 robe of Valour (worn) {rElec rPois Int+3 Archmagi}
   (You found it on level 3 of the Dungeon)

   Int:       It affects your intelligence (+3).
   rElec:     It insulates you from electricity.
   rPois:     It protects you from poison.
   Archmagi:  It increases the power of your magical spells.
 B - a +0 pair of gloves (worn)
Jewellery
 b - a +4 ring of protection (right hand)
 h - a +6 ring of strength (left hand)
Wands
 o - a wand of flame (23)
 C - a wand of quicksilver (12)
Scrolls
 d - 4 scrolls of identify {unknown}
 j - a scroll of blinking {unknown}
 p - a scroll of silence {unknown}
 q - a scroll of brand weapon {unknown}
 r - 2 scrolls of teleportation {unknown}
 y - 2 scrolls of vulnerability {unknown}
 A - 2 scrolls of enchant armour {unknown}
 D - a scroll of enchant weapon {unknown}
Potions
 c - 2 potions of invisibility
 e - 5 potions of curing {unknown}
 f - 3 potions of flight {unknown}
 i - 3 potions of mutation {unknown}
 m - a potion of attraction {unknown}
 n - a potion of brilliance {unknown}
 u - a potion of resistance {unknown}
 w - a potion of might {unknown}
 x - 2 potions of degeneration {unknown}
 z - a potion of berserk rage {unknown}


   Skills:
 + Level 0.3 Fighting
 + Level 2.5 Short Blades
 - Level 1.0 Armour
 + Level 2.4 Dodging
 + Level 5.0 Stealth
 * Level 2.7 Shields
 * Level 2.8 Spellcasting
 * Level 1.1 Conjurations
 + Level 4.3 Hexes
 - Level 1.0 Ice Magic
 - Level 1.0 Evocations


You had 2 spell levels left.
You knew the following spells:

 Your Spells              Type           Power      Damage    Failure   Level
a - Ensorcelled Hibernat  Hex/Ice        40%        N/A       10%         2
b - Confusing Touch       Hex            30%        N/A       9%          3
c - Dazzling Flash        Conj/Hex       40%        N/A       19%         3

Your spell library contained the following spells:

 Spells                   Type           Power      Damage    Failure   Level
 Lesser Beckoning         Tloc           8%         N/A       28%         2
 Tukima's Dance           Hex            30%        N/A       9%          3
 Gell's Gravitas          Tloc           4%         N/A       50%         3
 Teleport Other           Tloc           4%         N/A       50%         3
 Dispersal                Tloc           2%         N/A       100%        6


Dungeon Overview and Level Annotations

Branches:
Dungeon (4/15)
 Temple: D:4-7

Altars:
Kikubaaqudgha
Yredelemnul

Annotations:
D:3 2 transporters, Jackthecabe's ghost, amateur VSBr


Innate Abilities, Weirdness & Mutations

You cannot be hasted, slowed, berserked, paralysed or teleported.
You can dig through walls and to a lower floor.
You have a pair of large antennae on your head. (SInv)
Your four strong arms can wield two-handed weapons with a shield.


Message History

You block the jelly's attack.
You catch the helpless jelly completely off-guard!
You puncture the jelly!
You kill the jelly!
Training target 1.0 for Evocations reached!
Your Evocations skill increases to level 1!
Unknown command.
You start resting.
Magic restored.
You start resting.
You are no longer corroded.
You start resting.
HP restored.
An ogre comes into view. It is wielding a +0 giant club.
Casting: Confusing Touch (dangerous; 9% risk of failure)
Confirm with . or Enter, or press ? or * to list all spells.
Aiming: Ensorcelled Hibernation (safe; 10% risk of failure)
Press: ? - help, Shift-Dir - straight line, f - ogre
Aim: an ogre, wielding a +0 giant club (chance to affect: 52%)
You feel a surge of power!
The ogre resists with significant effort.
The ogre hits you with a +0 giant club!
Casting: Ensorcelled Hibernation (safe; 10% risk of failure)
Confirm with . or Enter, or press ? or * to list all spells.
Aiming: Ensorcelled Hibernation (safe; 10% risk of failure)
Press: ? - help, Shift-Dir - straight line, f/p - ogre
Aim: an ogre, wielding a +0 giant club (chance to affect: 52%)
You feel a surge of power!
You miscast Ensorcelled Hibernation.
You are very lightly contaminated with residual magic.
Nothing appears to happen.
Casting: Ensorcelled Hibernation (safe; 10% risk of failure)
Confirm with . or Enter, or press ? or * to list all spells.
Aiming: Ensorcelled Hibernation (safe; 10% risk of failure)
Press: ? - help, Shift-Dir - straight line, f/p - ogre
Aim: an ogre, wielding a +0 giant club (chance to affect: 52%)
You feel a surge of power!
The ogre resists with significant effort.
The ogre hits you with a +0 giant club!!
Ouch! That really hurt!
You die...

###.######................##(###
#.# #....).........####..# #.#
##............## ##.# #.#
###............## #.##
#.####...#.########## #.##
####†##...###.# #... #.......###
#.# #..# #.......# #.##########
#### #......## #...@O.....#
#......# ##########.. #......#
#..(...# ########


You could see an ogre.

Vanquished Creatures
  A scorpion (D:4)
  A jelly (D:4)
  A hound (D:3)
  An orc wizard (D:4)
  A gnoll (D:2)
  4 adders
  An ufetubus (D:3)
  4 worms
  3 dart slugs
  3 orcs (D:4)
  7 ball pythons
  9 endoplasms
  6 giant cockroaches
  4 hobgoblins
  7 jackals
  5 kobolds
  7 quokkas
  5 bats
  4 frilled lizards
  6 goblins
  10 rats
90 creatures vanquished.

Notes
Turn   | Place    | Note
-------+----------+-------------------------------------------
     0 | D:1      | monsoonserge the Formicid Enchanter began the quest for the
                  | Orb.
     0 | D:1      | Reached XP level 1. HP: 13/13 MP: 3/3
     2 | D:1      | Found a runed translucent door.
   206 | D:1      | Reached XP level 2. HP: 19/19 MP: 5/5
   209 | D:1      | Learned a level 2 spell: Ensorcelled Hibernation
   710 | D:1      | Reached skill level 4 in Stealth
  1055 | D:1      | Reached XP level 3. HP: 24/24 MP: 3/6
  1060 | D:1      | Learned a level 3 spell: Confusing Touch
  1533 | D:1      | Reached XP level 4. HP: 20/30 MP: 1/7
  1675 | D:1      | Reached skill level 1 in Shields
  2435 | D:3      | Identified the +1 robe of Valour {rElec rPois Int+3
                  | Archmagi}
  2494 | D:3      | Found a transporter.
  2497 | D:3      | Identified the +5 great mace of Yham {freeze, *Noise rF+
                  | Dex+4}
  2497 | D:3      | Noticed an ogre
  2497 | D:3      | Noticed Jackthecabe's ghost (amateur VSBr)
  2498 | D:3      | Found a transporter.
  2507 | D:3      | Noticed an ogre
  2601 | D:3      | Reached skill level 1 in Armour
  2685 | D:3      | Reached skill level 1 in Ice Magic
  2685 | D:3      | Reached XP level 5. HP: 35/35 MP: 8/8
  2689 | D:3      | Learned a level 3 spell: Dazzling Flash
  3327 | D:4      | Found a basalt altar of Yredelemnul.
  3685 | D:4      | Reached skill level 1 in Conjurations
  3685 | D:4      | Reached XP level 6. HP: 42/42 MP: 0/9
  3700 | D:4      | Reached skill level 5 in Stealth
  3876 | D:4      | Found an ancient bone altar of Kikubaaqudgha.
  3950 | D:4      | Reached skill level 1 in Evocations
  4033 | D:4      | Noticed an ogre
  4049 | D:4      | Slain by an ogre

Illustrated notes

Levels and vault maps discovered:
D:1:      dpeg_arrival_caged_fury, layout_basic, serial_forest,
          infiniplex_forest_clump_medium, infiniplex_forest_straight_2,
          infiniplex_forest_lined_2, infiniplex_forest_clump_tiny,
          infiniplex_forest_clump_small
D:2:      layout_basic, minmay_pentomino_pile
D:3:      layout_loops_corners, gammafunk_ghost_smash
D:4:      layout_rooms, nicolae_kikubaaqudgha_miasma_corner,
          yredelemnul_altar_generic, minmay_puff

Skill      XL: |  1  2  3  4  5  6 |
---------------+-------------------+-----
Hexes          | 4 |  4.3
Stealth        | 4 5 |  5.0
Shields        | 1 2 |  2.7
Armour         | 1 |  1.0
Short Blades   | 2 |  2.5
Dodging        | 2 |  2.4
Ice Magic      | 1 |  1.0
Conjurations   | 1 |  1.1
Evocations     | 1 |  1.0
Fighting       | |  0.3
Spellcasting   | |  2.8

Action                     |  1- 3 |  4- 6 || total
---------------------------+-------+-------++-------
  Melee: Dagger            |    90 |   230 ||   320
   Cast: Ensorcelled Hiber |    14 |    27 ||    41
         Confusing Touch   |       |     3 ||     3
   Stab: Sleeping          |    10 |    25 ||    35
         Confused          |       |     2 ||     2
 Armour: Robe              |     9 |    58 ||    67
         Leather armour    |     2 |    13 ||    15
  Dodge: Dodged            |    46 |   145 ||   191
  Block: Buckler           |     3 |    42 ||    45
         Kite shield       |     2 |       ||     2
